 Dungeon Crawl Stone Soup version 0.30-a0-374-g95c0257040 (webtiles) character file.

Game seed: 6984356211872083240

928 AigisTheKnight the Magician (level 7, -1/46 HPs)
             Began as a Demonspawn Hedge Wizard on Nov 26, 2022.
             Was an Initiate of Gozag.
             Succumbed to a water moccasin's poison
             ... on level 5 of the Dungeon.
             The game lasted 00:14:10 (4100 turns).

AigisTheKnight the Magician (DsHW)                  Turns: 4100, Time: 00:14:11

Health: -1/46      AC: -6    Str: 10    XL:     7   Next: 85%
Magic:  11/14      EV: 13    Int: 17    God:    Gozag
Gold:   228        SH:  4    Dex: 13    Spells: 9/16 levels left

rFire   . . .      SeeInvis .    k - +1 dagger (venom)
rCold   . . .      Faith    .    (no shield)
rNeg    . . .      Spirit   .    b - +0 robe
rPois   .          Reflect  .    c - +0 hat
rElec   .          Harm     .    (no cloak)
rCorr   .          Rampage  .    (no gloves)
Will    .....                    (no boots)
Stlth   ++........               (no amulet)
HPRegen 0.27/turn                (no ring)
MPRegen 0.14/turn                (no ring)

@: mighty, brilliant, lethally poisoned (-1 -> -6), corroded, gold aura, hasted,
quick
A: claws 1, demonic guardian 1, icemail 1, condensation shield
a: Renounce Religion, Potion Petition, Call Merchant, Bribe Branch


You were on level 5 of the Dungeon.
You worshipped Gozag.
Gozag was aware of your devotion.
You visited 2 branches of the dungeon, and saw 6 of its levels.

You collected 283 gold pieces.
You paid 55 gold pieces to Gozag.

Inventory:

Hand Weapons
 a - a +0 dagger
 g - a +0 dagger of draining
 k - a +1 dagger of venom (weapon)
 p - a +0 vorpal spear
Missiles
 l - 6 poisoned darts (quivered)
Armour
 b - a +0 robe (worn)
 c - a +0 hat (worn)
 m - a +3 ring mail
 o - the +5 plate armour of the Ward {rPois MP-9 Dex+5 SInv}
   (You found it on level 2 of the Dungeon)

   Dex:       It affects your dexterity (+5).
   rPois:     It protects you from poison.
   MP:        It affects your magic capacity (-9).
   SInv:      It lets you see invisible.
Jewellery
 t - a +4 ring of evasion
 v - an amulet of the acrobat
Wands
 q - a wand of mindburst (8)
Scrolls
 e - a scroll of immolation {unknown}
 j - 2 scrolls of teleportation {unknown}
 n - a scroll of amnesia {unknown}
 r - a scroll of noise {unknown}
 u - a scroll of brand weapon {unknown}
 w - a scroll of blinking {unknown}
 x - 2 scrolls of identify {unknown}
Potions
 d - a potion of magic
 f - a potion of heal wounds {unknown}
 s - 3 potions of might


   Skills:
 + Level 4.4 Dodging
 + Level 4.7 Stealth
 + Level 5.0 Spellcasting
 + Level 4.4 Conjurations
 - Level 1.0 Summonings
 - Level 0.8 Translocations


You had 9 spell levels left.
You knew the following spells:

 Your Spells              Type           Power      Damage    Failure   Level
a - Magic Dart            Conj           100%       1d8       2%          1
b - Blink                 Tloc           20%        N/A       16%         2
c - Passwall              Tmut/Erth      5%         N/A       22%         2
d - Call Imp              Summ           11%        N/A       14%         2

Your spell library contained the following spells:

 Spells                   Type           Power      Damage    Failure   Level
 Kiss of Death            Conj/Necr      68%        2d10      5%          1
 Summon Small Mammal      Summ           44%        N/A       10%         1
 Beastly Appendage        Tmut           12%        N/A       14%         1
 Slow                     Hex            24%        N/A       14%         1
 Cigotuvi's Dreadful Rot  Necr/Pois/Air  12%        N/A       22%         2
 Ensorcelled Hibernation  Hex/Ice        12%        N/A       22%         2
 Wereblood                Tmut           6%         N/A       22%         2
 Mephitic Cloud           Conj/Pois/Air  14%        N/A       22%         3
 Spider Form              Tmut/Pois      6%         N/A       38%         3
 Swiftness                Air            6%         N/A       38%         3


Dungeon Overview and Level Annotations

Branches:
Dungeon (5/15)             Temple (1/1) D:4

Altars:
Ashenzari
Cheibriados
Fedhas
Gozag
Hepliaklqana
Makhleb
Nemelex Xobeh
Okawaru
Qazlal
Sif Muna
Uskayaw
Wu Jian
Xom

Annotations:
D:2 Robin
D:4 1 runed translucent door, leviel's ghost, novice HOFi


Innate Abilities, Weirdness & Mutations

You have sharp fingernails.
A weak demonic guardian rushes to your aid.
A meltable icy envelope protects you from harm. (AC +4)
A meltable shield of frost defends you. (SH +4)


Message History

Confirm with . or Enter, or press ? or * to list all spells.
A metallic apparition takes form in the air.
Your ufetubus hits the worm.
Your ufetubus completely misses the worm.
The worm bites your ufetubus.
Your ufetubus hits the worm.
Your ufetubus barely misses the worm.
Found a scroll labelled YVUATR JUPHAOP.
Your ufetubus hits the worm. x2
The worm is distracted by your dazzling golden aura.
The worm is no longer distracted by gold.
Your ufetubus hits the worm. x2
The worm dies!
You swap places.
There is an open door here.
You enter the shallow water.
Moving in this stuff is going to be slow.
A water moccasin comes into view.
You see here 21 gold pieces.
The water moccasin bites you.
You are poisoned.
The water moccasin poisons you! The water moccasin bites you!
* * * LOW HITPOINT WARNING * * *
A demonic guardian appears!
It was a potion of might.
You feel very mighty all of a sudden.
* * * LOW HITPOINT WARNING * * *
You feel very sick.
Your ufetubus barely misses the water moccasin.
Your ufetubus splashes around in the water.
You block the water moccasin's attack.
Your ufetubus closely misses the water moccasin. x2
Okay, then.
It was a potion of brilliance.
You feel clever all of a sudden.
* * * LOW HITPOINT WARNING * * *
You feel sick. The water moccasin misses you.
Your ufetubus splashes around in the water. x2
You block the water moccasin's attack.
It was a potion of haste.
You feel yourself speed up.
You die...
Your body crumbles into a pile of gold.

#..##....#
##.......######.?
#.#####......|..#
..# ##........#
#.# ####..#####.
#. ##..$..#####.
# #..##5.......
#..#S5#....... #
#@~##.####.
#~5~~#.# #~~~~#.#
##~~##.# #~~#
#++#


You could see a water moccasin (ally target), 2 friendly iron imps and a
friendly ufetubus (summoned).

Vanquished Creatures
  A water moccasin (D:5)
  A sky beast (D:4)
  A black bear (D:4)
  A centaur (D:4)
  A phantom (D:5)
  A scorpion (D:5)
  An orc priest (D:4)
  2 hounds
  3 jellies
  3 orc wizards (D:4)
  4 adders
  A worm (D:2)
  A dart slug (D:1)
  8 orcs
  A bat (D:1)
  8 endoplasms
  2 giant cockroaches
  6 goblins
  14 hobgoblins
  4 quokkas
  8 ball pythons
  A frilled lizard (D:2)
  2 kobolds (D:1)
  6 rats
81 creatures vanquished.

Vanquished Creatures (collateral kills)
  A jelly (D:5)
  An adder (D:5)
  A worm (D:5)
  A giant cockroach (D:5)
  A rat (D:5)
5 creatures vanquished.

Grand Total: 86 creatures vanquished

Notes
Turn   | Place    | Note
-------+----------+-------------------------------------------
     0 | D:1      | AigisTheKnight the Demonspawn Hedge Wizard began the quest
                  | for the Orb.
     0 | D:1      | Reached XP level 1. HP: 13/13 MP: 4/4
   240 | D:1      | Gained mutation: A meltable shield of frost defends you.
                  | (SH +4) [demonic ancestry]
   240 | D:1      | Reached XP level 2. HP: 19/19 MP: 4/6
  1098 | D:2      | Reached XP level 3. HP: 24/24 MP: 7/7
  1181 | D:2      | Noticed Robin
  1422 | D:2      | Identified the +5 plate armour of the Ward {rPois MP-9
                  | Dex+5 SInv}
  1841 | D:3      | Gained mutation: A meltable icy envelope protects you from
                  | harm. (AC +4) [demonic ancestry]
  1841 | D:3      | Reached XP level 4. HP: 30/30 MP: 2/9
  1853 | D:3      | Found a faded altar of an unknown god.
  2079 | D:3      | Noticed an ogre
  2260 | D:4      | Gained mutation: A weak demonic guardian rushes to your
                  | aid. [demonic ancestry]
  2260 | D:4      | Reached XP level 5. HP: 35/35 MP: 6/10
  2307 | D:4      | Noticed a sky beast
  2471 | D:4      | Noticed a black bear
  2503 | D:4      | Killed a black bear
  2504 | D:4      | Reached skill level 4 in Spellcasting
  2504 | D:4      | Reached XP level 6. HP: 11/41 MP: 5/12
  2699 | D:4      | Found a staircase to the Ecumenical Temple.
  2724 | Temple   | Entered the Ecumenical Temple
  2748 | Temple   | Became a worshipper of Gozag Ym Sagoz the Greedy
  2936 | D:4      | Killed a sky beast
  3287 | D:4      | Found a shimmering blue altar of Sif Muna.
  3293 | D:4      | Learned a level 2 spell: Blink
  3296 | D:4      | Learned a level 2 spell: Passwall
  3301 | D:4      | Got Sif Muna's Catalogue of the Oath
  3303 | D:4      | Got Sif Muna's Anthology of the Flock
  3305 | D:4      | Got Sif Muna's Discourse on Battling
  3422 | D:4      | Found a broken altar of Ashenzari.
  3481 | D:4      | Noticed leviel's ghost (novice HOFi)
  3483 | D:4      | Found a runed translucent door.
  3599 | D:4      | Learned a level 2 spell: Call Imp
  3629 | D:4      | Gained mutation: You have sharp fingernails. [demonic
                  | ancestry]
  3629 | D:4      | Reached XP level 7. HP: 34/46 MP: 6/13
  3675 | D:5      | Entered Level 5 of the Dungeon
  4004 | D:5      | Reached skill level 5 in Spellcasting
  4098 | D:5      | HP: 2/46 [poisoned by a water moccasin]
  4100 | D:5      | Succumbed to a water moccasin's poison

Illustrated notes

Levels and vault maps discovered:
D:1:      psy_arrival_conway, layout_loops_cross
D:2:      layout_basic, kennysheep_generic_room_15, uniq_robin,
          uniq_crazy_yiuf_cottage
D:3:      layout_rooms, shapermc_ecumenical_altar_starsandcircs
D:4:      layout_loops_ring, nicolae_sif_muna_little_library,
          overflow_temple_1_default, mainiacjoe_overflow_swirl,
          minmay_temple_entry_glass, gammafunk_ghost_grave
D:5:      layout_layer_cave, gup_sewer_entry_bowl, kennysheep_nondescript,
          kennysheep_path_1, hex_tiny, uniq_eustachio
Temple:   nicolae_temple_ecumenical_triangle

Skill      XL: |  1  2  3  4  5  6  7 |
---------------+----------------------+-----
Stealth        | 2 3 4 |  4.7
Dodging        | 2 3 4 |  4.4
Conjurations   | 2 3 4 |  4.4
Spellcasting   | 4 5 |  5.0
Summonings     | |  1.0
Translocations | |  0.8

Action                   |  1- 3 |  4- 6 |  7- 9 || total
-------------------------+-------+-------+-------++-------
Melee: Dagger            |    64 |    72 |    31 ||   167
       Punch             |       |     1 |     1 ||     2
Throw: Dart              |       |     7 |       ||     7
 Cast: Magic Dart        |    43 |    67 |    18 ||   128
       Call Imp          |       |     2 |    10 ||    12
       Passwall          |       |     2 |       ||     2
       Blink             |       |     1 |       ||     1
Evoke: Wand              |       |     2 |       ||     2
  Use: Potion            |     1 |       |     4 ||     5
 Stab: Sleeping          |     7 |     2 |     1 ||    10
Armor: Robe              |    10 |    32 |     7 ||    49
Dodge: Dodged            |    30 |    54 |    25 ||   109
Block: Other             |     8 |    16 |     8 ||    32

Table legend: (Time is in decaauts)
 A = Elapsed time spent in this place.
 B = Non-inter-level travel time spent in this place.
 C = Inter-level travel time spent in this place.
 D = Time resting spent in this place.
 E = Time spent auto-exploring this place.
 F = Levels seen in this place.
 G = Mean time per level.
                   A        B        C        D        E       F      G
               +--------+--------+--------+--------+--------+-----+--------+
         Total |   4105 |   3957 |    148 |    511 |   2194 |   6 |  684.2 |
       Dungeon |   4047 |   3915 |    132 |    511 |   2173 |   5 |  809.4 |
        Temple |     57 |     41 |     16 |      0 |     21 |   1 |   57.0 |
               +--------+--------+--------+--------+--------+-----+--------+

Top non-repeatable levels by time:
     D:4: 1458 daAuts
     D:1: 1132 daAuts
     D:2: 644 daAuts
     D:5: 425 daAuts
     D:3: 386 daAuts
  Temple: 57 daAuts
